 Dungeon Crawl Stone Soup version 0.31-a0-1204-ge2c1a860ed (webtiles) character file.

Game seed: 11418161189456128134

153 Arex the Trooper (level 5, -5/47 HPs)
             Began as a Draconian Monk on Dec 13, 2023.
             Killed by divine providence
             ... invoked by an orc priest
              (13 damage)
             ... on level 3 of the Dungeon.
             The game lasted 00:04:48 (1589 turns).

Arex the Trooper (Draconian Monk)                   Turns: 1589, Time: 00:04:48

Health: -5/47      AC:  9    Str: 15    XL:     5   Next: 12%
Magic:  5/5        EV: 12    Int: 11    God:
Gold:   94         SH:  4    Dex: 13    Spells: 4/4 levels left

rFire   . .          .
                       - Unarmed
rCold   . . .        o - +0 buckler
rNeg    . . .        (body armour unavailable)
rPois   .            (helmet restricted)
rElec   .            (no cloak)
rCorr   .            (no gloves)
SInv    .            (no boots)
Will    .....        m - amulet of magic regeneration
Stlth   +            g - +4 ring of protection
HPRegen 0.27/turn    (no ring)
MPRegen 0.49/turn

%: no passive effects
@: no status effects
A: AC +5, unfitting armour, cold-blooded
a: no special abilities


You were on level 3 of the Dungeon.
You visited 1 branch of the dungeon, and saw 3 of its levels.

You collected 94 gold pieces.

Inventory:

Missiles
 d - a throwing net
Armour
 b - an orb of light
 o - a +0 buckler (worn)
Jewellery
 g - a +4 ring of protection (left hand)
 m - an amulet of magic regeneration (around neck)
Scrolls
 c - a scroll of acquirement {unknown}
 e - a scroll of teleportation
 f - a scroll of enchant weapon {unknown}
 h - a scroll of identify {unknown}
 j - a scroll of fog {unknown}
 k - a scroll of vulnerability {unknown}
Potions
 a - a potion of ambrosia
 i - a potion of haste {unknown}
 l - a potion of lignification {unknown}
 n - a potion of curing {unknown}


   Skills:
 + Level 4.6 Fighting
 + Level 3.7 Dodging
 * Level 0.1 Shields
 + Level 4.1 Unarmed Combat


You had 4 spell levels left.
You didn't know any spells.
Your spell library was empty.

Dungeon Overview and Level Annotations

Branches:
Dungeon (3/15)

Altars:


Innate Abilities, Weirdness & Mutations

Your plain brown scales are hard. (AC +5)
You cannot fit into any form of body armour.
You are cold-blooded and may be slowed by cold attacks.


Message History

You are too injured to fight recklessly!
You are too injured to fight recklessly!
You are too injured to fight recklessly!
You are too injured to fight recklessly!
You are too injured to fight recklessly!
Unknown command.
You are too injured to fight recklessly!
You hit the orc.
The orc is almost dead.
The orc hits you with a +0 short sword.
You hit the orc.
You kill the orc!
The orc priest looks encouraged for a moment.
You hit the orc.
The orc is heavily wounded.
The orc hits you but does no damage.
You hit the orc.
You kill the orc!
You closely miss the orc priest.
The orc priest calls down the wrath of Beogh upon you.
Beogh smites you!
You hit the orc priest.
The orc priest is moderately wounded.
The orc priest invokes the aid of Beogh against you.
Beogh smites you!
* * * LOW HITPOINT WARNING * * *
You barely miss the orc priest.
Your tail-slap misses the orc priest.
The orc priest is moderately wounded.
The orc priest barely misses you.
You hit the orc priest.
The orc priest is heavily wounded.
The orc priest barely misses you.
Okay, then.
You barely miss the orc priest.
The orc priest is heavily wounded.
You hit the orc priest.
The orc priest is severely wounded.
The orc priest calls down the wrath of Beogh upon you.
Beogh smites you!
You die...

#............#
#.##.#
#............#
#.##<#
##########.###
#.##.# #.#
#.##.# #.#
#.##.# #.#
#.##.# #.#
#.##.# #.#
#.##.# #.#
#@##.# #.# #o#
#.# #.# #.#
#.#
##########.#
#.#
.........#.#
#.#
########.#.##
#.# #.#..##
#.. #.....#


You could see an orc priest.

Vanquished Creatures
  An orc wizard (D:3)
  4 adders
  2 worms (D:2)
  3 dart slugs
  10 orcs (D:3)
  5 endoplasms
  A giant cockroach (D:1)
  6 hobgoblins
  4 jackals (D:2)
  4 kobolds
  2 quokkas
  7 ball pythons
  7 bats
  3 frilled lizards
  5 goblins
  4 rats
68 creatures vanquished.

Vanquished Creatures (others)
  A bat (D:1)
1 creature vanquished.

Grand Total: 69 creatures vanquished

Notes
Turn   | Place    | Note
-------+----------+-------------------------------------------
     0 | D:1      | Arex the Draconian Monk began the quest for the Orb.
     0 | D:1      | Reached XP level 1. HP: 19/19 MP: 1/1
   153 | D:1      | Reached XP level 2. HP: 26/26 MP: 2/2
   534 | D:2      | Reached XP level 3. HP: 33/33 MP: 3/3
   900 | D:2      | Reached XP level 4. HP: 40/40 MP: 4/4
  1219 | D:3      | Reached XP level 5. HP: 37/47 MP: 5/5
  1589 | D:3      | Killed from afar by an orc priest

Illustrated notes

Levels and vault maps discovered:
D:1:      lightli_arrival_statuegarden, layout_rooms
D:2:      layout_basic, minmay_shallow_snake_nest
D:3:      layout_basic

Skill      XL: |  1  2  3  4 |
---------------+-------------+-----
Dodging        | 3 |  3.7
Fighting       | 4 |  4.6
Unarmed Combat | 4 |  4.1
Shields        | |  0.1

Action                     |  1- 3 |  4- 6 || total
---------------------------+-------+-------++-------
  Melee: Unarmed           |   137 |    99 ||   236
         Tailslap          |    17 |    16 ||    33
    Use: Scroll            |       |     1 ||     1
 Armour: Skin              |    75 |    43 ||   118
  Dodge: Dodged            |    74 |    43 ||   117

Table legend: (Time is in decaauts)
 A = Elapsed time spent in this place.
 B = Non-inter-level travel time spent in this place.
 C = Inter-level travel time spent in this place.
 D = Time resting spent in this place.
 E = Time spent auto-exploring this place.
 F = Levels seen in this place.
 G = Mean time per level.
                   A        B        C        D        E       F      G
               +--------+--------+--------+--------+--------+-----+--------+
         Total |   1575 |   1506 |     69 |      0 |   1079 |   3 |  525.0 |
       Dungeon |   1575 |   1506 |     69 |      0 |   1079 |   3 |  525.0 |
               +--------+--------+--------+--------+--------+-----+--------+

Top non-repeatable levels by time:
     D:2: 544 daAuts
     D:3: 535 daAuts
     D:1: 495 daAuts
